 Dungeon Crawl Stone Soup version 0.21.1-1-g345015f (webtiles) character file.

26 inc the Conjurer (level 3, -4/21 HPs)
             Began as an Octopode Conjurer on June 11, 2018.
             Slain by a goblin
             ... wielding a +0 dagger
             ... led by Robin
              (7 damage)
             ... on level 2 of the Dungeon.
             The game lasted 00:00:57 (865 turns).

inc the Conjurer (Octopode Conjurer)                 Turns: 865, Time: 00:00:57

Health: -4/21      AC:  1    Str:  7    XL:     3   Next: 8%
Magic:  6/7        EV: 13    Int: 18    God:
Gold:   80         SH:  0    Dex: 12    Spells: 6/7 levels left

rFire    . . .     SeeInvis .   l - +1 short sword (vamp)
rCold    . . .     Gourm    .   (no shield)
rNeg     . . .     Faith    .   (helmet restricted)
rPois    .         Spirit   .   (no amulet)
rElec    .         Reflect  .   (no ring)
rCorr    .         Harm     .   (no ring)
MR       .....                  (no ring)
Stlth    +++.......             (no ring)
HPRegen  0.07/turn              (no ring)
MPRegen  0.10/turn              (no ring)
                                (no ring)
                                (no ring)

@: no status effects
A: almost no armour, stealthy swim, amphibious, 8 rings, constrict 8, camouflage
1, gelatinous body 1
a: no special abilities


You were on level 2 of the Dungeon.
You were not hungry.

You visited 1 branch of the dungeon, and saw 2 of its levels.

You collected 80 gold pieces.

Inventory:

Hand Weapons
 c - a +0 spear
 l - a +1 vampiric short sword (weapon)
Jewellery
 g - an uncursed ring of fire {unknown}
Scrolls
 e - 7 scrolls of remove curse {unknown}
 f - a scroll of enchant weapon {unknown}
 h - 4 scrolls of identify {unknown}
 i - a scroll of teleportation {unknown}
 k - a scroll of immolation {unknown}
Potions
 d - a potion of might {unknown}
 j - a potion of lignification {unknown}
Books
 a - a book of Conjurations

   Spells                             Type                      Level
   a - Magic Dart                     Conjuration                  1
   b - Searing Ray                    Conjuration                  2
   c - Dazzling Spray                 Conjuration/Hexes            3
   d - Fulminant Prism                Conjuration/Hexes            4
   e - Force Lance                    Conjuration/Translocation    4
   f - Iskenderun's Mystic Blast      Conjuration                  4
Comestibles
 b - 3 rations


   Skills:
 - Level 2.0 Dodging
 - Level 2.6 Stealth
 + Level 2.7 Spellcasting
 + Level 4.4 Conjurations


You had 6 spell levels left.
You knew the following spells:

 Your Spells              Type           Power        Failure   Level  Hunger
a - Magic Dart            Conj           ###.         2%          1    #......


Dungeon Overview and Level Annotations

Branches:
Dungeon (2/15)

Altars:

Annotations:
D:2 Robin


Innate Abilities, Weirdness & Mutations

You cannot wear most types of armour.
You are very stealthy in the water. (Stealth+)
You are amphibious.
You can wear up to eight rings at the same time.
You can use your tentacles to constrict eight enemies at once.
Your skin changes colour to match your surroundings (Stealth+).
Your rubbery body absorbs attacks. (AC +1, EV +1)


Message History

You barely miss the goblin.
The goblin shouts!
You grab the goblin.
The goblin is heavily wounded.
You constrict the goblin. The goblin hits you with a club.
Robin throws the goblin at you!
* * * LOW HITPOINT WARNING * * *
You closely miss the goblin. Your grab misses the goblin.
You squeeze the goblin.
The goblin is heavily wounded.
You constrict the goblin.
You kill the goblin!
The goblin closely misses you.
A goblin comes into view. It is wielding a club.
You closely miss the goblin. You grab the goblin.
The goblin is heavily wounded.
You constrict the goblin. The goblin hits you.
* * * LOW HITPOINT WARNING * * *
The goblin hits you with a dagger!
You die...

#..g# # #.g......
#.#.gg##...
#.#.......
#...g.##..
#....##.#
#....##.#
###...g##.######
.....>.gggggg@g.#
#####...#######.#
###### #...# #.##
#....# ##.##
#####..###.##.#
#.
.............#.#
#.
######......##.#
#. ##.######.#
#.# #<# #######.#
###


You could see Robin, 2 hobgoblins and 5 goblins.

Vanquished Creatures
  An ooze (D:1)
  2 dart slugs (D:1)
  A leopard gecko (D:1)
  3 bats (D:1)
  5 goblins
  A hobgoblin (D:1)
  3 kobolds
16 creatures vanquished.

Notes
Turn   | Place    | Note
-------+----------+-------------------------------------------
     0 | D:1      | inc the Octopode Conjurer began the quest for the Orb.
     0 | D:1      | Reached XP level 1. HP: 11/11 MP: 3/3
    87 | D:1      | Reached XP level 2. HP: 13/17 MP: 5/5
   843 | D:2      | Reached XP level 3. HP: 21/21 MP: 6/6
   849 | D:2      | Noticed Robin
   865 | D:2      | Slain by a goblin

Action                   || total
-------------------------++-------
Melee: Spear             ||    37
       Unarmed           ||     5
       Constrict         ||     9
       Tentacles         ||     6
       Short sword       ||     6
 Stab: Sleeping          ||     6
  Eat: Ration            ||     2
Armor: Skin              ||     2
Dodge: Dodged            ||    27
